 Dungeon Crawl Stone Soup version 0.23-a0-650-ga4d50d4 (console) character file.

282 Duffy the Conjurer (level 6, 41/41 HPs)
             Began as a Demonspawn Fire Elementalist on Jan 6, 2019.
             Was an Initiate of Sif Muna.
             Quit the game on level 4 of the Dungeon.
             The game lasted 00:07:04 (4789 turns).

Duffy the Conjurer (Demonspawn Fire Elementalist)   Turns: 4789, Time: 00:07:05

Health: 41/41      AC:  2    Str:  8    XL:     6   Next: 6%
Magic:  2/11       EV: 12    Int: 19    God:    Sif Muna [......]
Gold:   196        SH:  4    Dex: 13    Spells: 3/11 levels left

rFire    . . .     SeeInvis .   i - +0 spear
rCold    . . .     Gourm    .   (no shield)
rNeg     . . .     Faith    .   a - +0 robe
rPois    .         Spirit   .   (no helmet)
rElec    .         Reflect  .   (no cloak)
rCorr    .         Harm     .   (no gloves)
MR       .....                  (no boots)
Stlth    +++++.....             (no amulet)
HPRegen  0.13/turn              f - ring of stealth
MPRegen  0.12/turn              (no ring)

@: no status effects
A: large bone plates 1, demonic guardian 1, nightstalker 2
a: Renounce Religion


You were on level 4 of the Dungeon.
You worshipped Sif Muna.
Sif Muna was noncommittal.
You were very hungry.

You visited 2 branches of the dungeon, and saw 5 of its levels.

You collected 196 gold pieces.

Inventory:

Hand Weapons
 i - a +0 spear (weapon)
Armour
 a - a +0 robe (worn)
 o - the +0 robe "Istu" {Regen+ Dex+2, unknown}
   (You found it on level 4 of the Dungeon)

   It affects your dexterity (+2).
   It increases your rate of regeneration.
Jewellery
 f - a ring of stealth (left hand)
Scrolls
 d - a scroll of amnesia
Potions
 b - 2 potions of might {unknown}
 e - a potion of ambrosia {unknown}
 g - 3 potions of heal wounds {unknown}
 h - 3 potions of curing {unknown}
 k - a potion of degeneration {unknown}
 l - a potion of haste {unknown}
 m - a potion of resistance {unknown}
 n - a potion of flight {unknown}
Comestibles
 c - 7 rations


   Skills:
 - Level 1.7 Dodging
 - Level 1.7 Stealth
 + Level 3.4 Spellcasting
 + Level 4.1 Conjurations
 + Level 4.0 Fire Magic


You had 3 spell levels left.
You knew the following spells:

 Your Spells              Type           Power        Failure   Level  Hunger
h - Flame Tongue          Conj/Fire      ###..        2%          1    None
j - Sticky Flame          Conj/Fire      ###.....     26%         4    ####...
l - Conjure Flame         Conj/Fire      ###.....     9%          3    ###....

Your spell library contained the following spells:

 Spells                   Type           Power        Failure   Level  Hunger
 Throw Flame              Conj/Fire      ###...       4%          2    ##.....
 Inner Flame              Hex/Fire       ##......     19%         3    ###....
 Fireball                 Conj/Fire      ###.......   58%         5    ######.


Dungeon Overview and Level Annotations

Branches:
Dungeon (4/15)             Temple (1/1) D:4

Altars:
Ashenzari
Cheibriados
Dithmenos
Elyvilon
Fedhas
Gozag
Hepliaklqana
Kikubaaqudgha
Makhleb
Nemelex Xobeh
Okawaru
Qazlal
Ru
Sif Muna
Trog
Uskayaw
Vehumet
Wu Jian
Xom
Yredelemnul
Zin
The Shining One

Shops:
D:4 (

Annotations:
D:2 exclusions: adder and orc


Innate Abilities, Weirdness & Mutations

You are partially covered in large bone plates. (SH +4)
A weak demonic guardian rushes to your aid.
You are significantly more attuned to the shadows.


Message History

Aiming: Flame Tongue (safe; 3% risk of failure)
Press: ? - help, Shift-Dir - straight line, f/p - scorpion
Aim: a scorpion (heavily wounded)
The flame tongue misses the scorpion.
Casting: Flame Tongue (safe; 3% risk of failure)
Confirm with . or Enter, or press ? or * to list all spells.
Aiming: Flame Tongue (safe; 3% risk of failure)
Press: ? - help, Shift-Dir - straight line, f/p - scorpion
Aim: a scorpion (heavily wounded)
The flame tongue hits the scorpion.
You kill the scorpion!
Sif Muna accepts your kill.
Your Conjurations skill increases to level 4!
Your Fire Magic skill increases to level 4!
You have reached level 6!
Your experience leads to an increase in your attributes!
Increase (S)trength, (I)ntelligence, or (D)exterity?
You feel clever.
Your demonic ancestry asserts itself...
You feel the presence of a demonic guardian.
Are you sure you want to abandon this character and quit the game? (Confirm

.......~..#~8_~#~~~##.########...#
###..#...00~.>0#~~.##.# #..##
..##.....~~~~~0~0~....# #..#
..##....~~~~..+0~...### ##..#
..##.#000~~~....0...#### #..##
..........~......0.....# ##..#
.....#.0............##.## ##...#
..#..#.<#.##.######.##..###...##
.....#.....#.###.@0.###......###
.##.....#........##.#..........##
##........)...#####.............##
.......#..#.>.#####..............#
.......#..........#..............#
##.....#.......(..#..........>...#
####...#.........................#
# ##............................#
# ##.......#..................##


There were no monsters in sight!

Vanquished Creatures
  A scorpion (D:4)
  2 orc wizards (D:4)
  2 worker ants (D:4)
  A howler monkey skeleton (D:4)
  3 adders
  An adder skeleton (D:4)
  A worm (D:4)
  3 dart slugs (D:1)
  3 leopard geckos
  5 orcs
  2 ball pythons
  2 giant cockroaches
  6 goblins
  8 hobgoblins
  5 jackals
  4 quokkas
  4 bats
  7 frilled lizards
  9 kobolds
  5 rats
  A butterfly (D:4)
75 creatures vanquished.

Notes
Turn   | Place    | Note
-------+----------+-------------------------------------------
     0 | D:1      | Duffy the Demonspawn Fire Elementalist began the quest for
                  | the Orb.
     0 | D:1      | Reached XP level 1. HP: 13/13 MP: 3/3
   179 | D:1      | Gained mutation: You are slightly more attuned to the
                  | shadows. [demonic ancestry]
   179 | D:1      | Reached XP level 2. HP: 19/19 MP: 3/5
   813 | D:1      | Gained mutation: You are partially covered in large bone
                  | plates. (SH +4) [demonic ancestry]
   813 | D:1      | Reached XP level 3. HP: 24/24 MP: 3/6
   846 | D:1      | Learned a level 3 spell: Conjure Flame
  2264 | D:2      | Reached XP level 4. HP: 30/30 MP: 3/7
  3008 | D:4      | Found a staircase to the Ecumenical Temple.
  3023 | Temple   | Entered the Ecumenical Temple
  3395 | Temple   | Became a worshipper of Sif Muna the Loreminder
  3423 | D:4      | Learned a level 4 spell: Sticky Flame
  3562 | D:4      | Got a slimy robe
  3631 | D:4      | Noticed a phantom
  3962 | D:4      | Found a stormy altar of Qazlal.
  3987 | D:4      | Gained mutation: You are significantly more attuned to the
                  | shadows. [demonic ancestry]
  3987 | D:4      | Reached XP level 5. HP: 35/35 MP: 5/9
  4088 | D:4      | Found Pyrerchou's Antique Weapon Emporium.
  4788 | D:4      | Gained mutation: A weak demonic guardian rushes to your
                  | aid. [demonic ancestry]
  4788 | D:4      | Reached XP level 6. HP: 41/41 MP: 2/11
  4789 | D:4      | Quit the game

Vault maps used:
D:1:      eino_arrival_water_cross, minmay_pentomino_s4
D:2:      first_ration
D:4:      nicolae_qazlal_general_emergency, minmay_temple_entry_butterflies,
          serial_corexii_hall, corexii_hall_statues_x,
          chequers_hall_statues_wall_a, chequers_hall_statues_y,
          chequers_hall_statues_wall_a, serial_shops, shop
Temple:   nicolae_temple_the_god_donut

Skill      XL: |  1  2  3  4  5 |
---------------+----------------+-----
Conjurations   | 2 3 4 |  4.1
Fire Magic     | 3 4 |  4.0
Spellcasting   | 3 |  3.4
Dodging        | |  1.7
Stealth        | |  1.7

Action                   |  1- 3 |  4- 6 || total
-------------------------+-------+-------++-------
Melee: Unarmed           |     5 |       ||     5
       Spear             |     6 |     1 ||     7
 Cast: Flame Tongue      |    69 |    73 ||   142
       Conjure Flame     |       |     2 ||     2
  Use: Scroll            |     1 |     2 ||     3
  Eat: Chunk             |     5 |     3 ||     8
       Ration            |       |     1 ||     1
Armor: Robe              |     8 |     2 ||    10
Dodge: Dodged            |    20 |    15 ||    35
Block: Other             |     6 |     6 ||    12

Table legend:
 A = Non-vault XP
 B = Vault XP
 C = Vault XP percentage of total XP
 D = Non-vault monster count
 E = Vault monster count
 F = Vault count percentage of total count
                 A         B        C        D         E       F
            +---------+---------+-------+---------+---------+-------
      Total |     397 |       7 |   1.7 |      71 |       3 |   4.1
            +---------+---------+-------+---------+---------+-------
        D:1 |      39 |       7 |  15.2 |      21 |       3 |  12.5
        D:2 |      56 |       0 |   0.0 |      25 |       0 |   0.0
        D:3 |      27 |       0 |   0.0 |       7 |       0 |   0.0
        D:4 |     274 |       0 |   0.0 |      17 |       0 |   0.0
     Temple |       1 |       0 |   0.0 |       1 |       0 |   0.0
            +---------+---------+-------+---------+---------+-------
